AoeStats
← Jérôme

Nomad

510528271Analyzed
2v2 RM · 1d ago on Oct 1, 2026· 47m 14s· 4 players
Game mode
Random Map
Map size
176×176
Population
200
Speed
Normal
Resources
Standard
Victory
Conquest
Starting age
Dark Age
Ending age
Imperial Age
RankedLock teamsTeams togetherTeam positionsShared explorationLock speedFull tech treeHidden civsTurbo modeCheats
Victory
Defeat
🇭🇰 Mongols · Hong Kong SAR China
1106
+13
🇭🇰 Malians · Hong Kong SAR China
1101
+13
🇬🇷 Malians · Greece
1062
-14
🇫🇷 Japanese · France
1000
-38
KLEGE_MOULIKO
5:15 Loom
13:41 Feudal Age
14:07 Double-Bit Axe
14:16 Gold Mining
20:19 Castle Age
25:47 Wheelbarrow
29:11 Bow Saw
38:29 Hand Cart
40:54 Imperial Age
Jérôme
16:59 Feudal Age
16:56 Loom
17:56 Horse Collar
18:06 Double-Bit Axe
18:04 Fishing Lines
18:20 Gold Mining
19:25 Wheelbarrow
18:36 Town Watch
20:12 Stone Mining
26:58 Castle Age
29:54 Hand Cart
29:40 Town Patrol
30:19 Gold Shaft Mining
29:58 Bow Saw
29:41 Gillnets
29:30 Pikeman
30:12 Squires
30:49 Husbandry
42:52 Imperial Age
41:37 Elite Skirmisher
43:02 Elite Samurai
kyy
3:46 Loom
12:57 Feudal Age
17:24 Castle Age
16:29 Scale Mail Armor
16:24 Arson
17:27 Forging
16:47 Man-at-Arms
17:38 Long Swordsman
40:01 Imperial Age
46:06 Wheelbarrow
45:23 Horse Collar
45:29 Double-Bit Axe
乳不巨何以聚人心
4:59 Loom
14:06 Feudal Age
14:47 Double-Bit Axe
16:09 Bloodlines
23:51 Castle Age
23:23 Horse Collar
24:35 Heavy Plow
24:48 Bow Saw
25:35 Scale Barding Armor
26:22 Light Cavalry
28:16 Chain Barding Armor
31:59 Wheelbarrow
33:20 Hand Cart
34:18 Fletching
37:31 Imperial Age
34:58 Bodkin Arrow
37:09 Ballistics
36:52 Husbandry
38:49 Bracer
40:08 Padded Archer Armor
41:32 Leather Archer Armor
42:19 Chemistry
41:15 Gold Mining
42:09 Elite Mangudai
45:03 Forging
44:57 Light Cavalry
46:06 Conscription
46:59 Iron Casting
45:46 Hussar
Connection lost

Rejoining the realm…

Still unreachable

The connection could not be restored.

Session expired

The server has moved on; the page needs a fresh start.